 Dungeon Crawl Stone Soup version 0.29-a0-717-g6dac4ea423 (webtiles) character file.

Game seed: 7403295348182031824

16 MrPoopyBoutHole the Trooper (level 2, 13/25 HPs)
             Began as a Barachi Fighter on June 27, 2022.
             Quit the game on level 1 of the Dungeon.
             The game lasted 00:01:41 (547 turns).

MrPoopyBoutHole the Trooper (Barachi Fighter)        Turns: 547, Time: 00:01:41

Health: 13/25      AC:  7    Str: 17    XL:     2   Next: 54%
Magic:  2/2        EV:  9    Int:  8    God:
Gold:   81         SH:  4    Dex: 11    Spells: 1/1 levels left

rFire   . . .      SeeInvis .   a - +0 long sword
rCold   . . .      Faith    .   c - +0 buckler
rNeg    . . .      Spirit   .   b - +0 scale mail
rPois   .          Reflect  .   (no helmet)
rElec   .          Harm     .   (no cloak)
rCorr   +          Rampage  .   (no gloves)
Will    .....                   (no boots)
Stlth   ..........              (no amulet)
HPRegen 0.08/turn               f - ring of resist corrosion
MPRegen 0.08/turn               (no ring)

@: slow
A: amphibious, slowness 1, strong legs 1, +LOS
a: Hop


You were on level 1 of the Dungeon.
You visited 1 branch of the dungeon, and saw 1 of its levels.

You collected 81 gold pieces.

Inventory:

Hand Weapons
 a - a +0 long sword (weapon)
Missiles
 h - 3 datura-tipped darts
Armour
 b - a +0 scale mail (worn)
 c - a +0 buckler (worn)
Jewellery
 f - a ring of resist corrosion (left hand)
Scrolls
 e - a scroll of identify {unknown}
 g - a scroll of summoning {unknown}
Potions
 d - a potion of might
 i - a potion of brilliance {unknown}


   Skills:
 * Level 3.9 Fighting
 * Level 2.7 Long Blades
 * Level 3.7 Armour
 * Level 3.7 Shields


You had one spell level left.
You didn't know any spells.
Your spell library contained the following spells:

 Spells                   Type           Power      Damage    Failure   Level
 Freeze                   Ice            0%         1d3       88%         1
 Frozen Ramparts          Ice            0%         1d2       99%         3
 Hailstorm                Conj/Ice       0%         3d3       100%        4


Dungeon Overview and Level Annotations

Branches:
Dungeon (1/15)

Altars:


Innate Abilities, Weirdness & Mutations

You are amphibious.
You cover ground slowly.
You can hop short distances.
You have an extended range of vision and can be seen from far away.


Message History

The quokka bites you but does no damage.
You hit the quokka but do no damage.
The quokka is heavily wounded.
The quokka bites you but does no damage.
You slash the quokka!
You kill the quokka!
No target in view!
You now have 65 gold pieces (gained 13).
You see here a bat skeleton.
You open the door.
An endoplasm comes into view.
The endoplasm quivers.
An endoplasm is nearby!
The endoplasm hits you.
You hit the endoplasm.
The endoplasm is heavily wounded.
The endoplasm freezes you.
You are frozen.
The endoplasm closely misses you.
You barely miss the endoplasm.
The endoplasm is heavily wounded.
The endoplasm freezes you.
You are frozen.
You barely miss the endoplasm.
The endoplasm is heavily wounded.
The endoplasm freezes you.
You are frozen.
You barely miss the endoplasm.
The endoplasm is heavily wounded.
The endoplasm closely misses you. The endoplasm freezes you.
You are frozen.
You are too injured to fight recklessly!
You are too injured to fight recklessly!
You are too injured to fight recklessly!
You are too injured to fight recklessly!
You slash the endoplasm!
You kill the endoplasm!
Found 12 gold pieces.
You now have 81 gold pieces (gained 16).
Are you sure you want to abandon this character and quit the game? (Confirm with "yes".)

# #... ###
.##.$.≈ #..
.....≈≈ #.#
..≈..P≈
#.##..≈≈≈≈≈
##.#...≈P≈≈≈
#.....≈≈≈≈≈P
#....≈≈≈≈≈≈≈
#..@..P≈≈≈≈.
#..≈P≈≈≈≈≈..
#...≈≈≈≈≈≈≈.
##...≈≈≈≈≈...
#...≈≈≈≈≈≈...
#...≈≈≈≈≈≈...
#...≈≈≈≈≈≈≈..
#..P≈≈≈≈≈....
#...≈≈≈≈≈≈.##


There were no monsters in sight!

Vanquished Creatures
  A dart slug (D:1)
  A ball python (D:1)
  3 endoplasms (D:1)
  A hobgoblin (D:1)
  2 quokkas (D:1)
  A bat (D:1)
  A frilled lizard (D:1)
  A goblin (D:1)
  A kobold (D:1)
  A rat (D:1)
13 creatures vanquished.

Notes
Turn   | Place    | Note
-------+----------+-------------------------------------------
     0 | D:1      | MrPoopyBoutHole the Barachi Fighter began the quest for the
                  | Orb.
     0 | D:1      | Reached XP level 1. HP: 18/18 MP: 1/1
   156 | D:1      | Reached XP level 2. HP: 25/25 MP: 2/2
   547 | D:1      | Quit the game

Illustrated notes

Levels and vault maps discovered:
D:1:      erik_arrival_cave_to_civilisation [erik_arrival_cave_to_hall],
          layout_basic, nicolae_ecumenical_snake_handling, minmay_misc_feat_x,
          minivault_24, chequers_big_river, minmay_misc_feat_tower,
          roderic_serpentine_path

Action                   || total
-------------------------++-------
Melee: Long sword        ||    34
Armor: Scale mail        ||    10
Dodge: Dodged            ||    11
Block: Buckler           ||     8

Table legend: (Time is in decaauts)
 A = Elapsed time spent in this place.
 B = Non-inter-level travel time spent in this place.
 C = Inter-level travel time spent in this place.
 D = Time resting spent in this place.
 E = Time spent auto-exploring this place.
 F = Levels seen in this place.
 G = Mean time per level.
                   A        B        C        D        E       F      G
               +--------+--------+--------+--------+--------+-----+--------+
         Total |    622 |    598 |     24 |      0 |    488 |   1 |  622.0 |
       Dungeon |    622 |    598 |     24 |      0 |    488 |   1 |  622.0 |
               +--------+--------+--------+--------+--------+-----+--------+

Top non-repeatable levels by time:
     D:1: 622 daAuts
